 Dungeon Crawl Stone Soup version 0.24.0-123-gd5b16e6ec5 (webtiles) character file.

Game seed: 11072730044564612207, levelgen mode: deterministic

1824 Gynju the Destroyer (level 8, -1/57 HPs)
             Began as a Grey Draconian Conjurer on Feb 12, 2020.
             Was a Believer of Vehumet.
             Killed from afar by an electric eel (6 damage)
             ... with a bolt of electricity
             ... on level 6 of the Dungeon.
             The game lasted 00:08:21 (7770 turns).

Gynju the Destroyer (Grey Draconian Conjurer)       Turns: 7770, Time: 00:08:21

Health: -1/57      AC: 14    Str: 10    XL:     8   Next: 86%
Magic:  11/19      EV: 12    Int: 18    God:    Vehumet [**....]
Gold:   210        SH:  2    Dex: 12    Spells: 20/21 levels left

rFire    . . .     SeeInvis .   a - +0 mace
rCold    . . .     Gourm    .   C - -2 buckler (curse)
rNeg     . . .     Faith    .   (armour unavailable)
rPois    +         Spirit   .   (helmet restricted)
rElec    .         Reflect  .   (no cloak)
rCorr    .         Harm     .   E - +2 pair of gloves
MR       .....                  (no boots)
Stlth    ++........             (no amulet)
HPRegen  0.19/turn              D - ring of flight
MPRegen  0.16/turn              t - ring of poison resistance

@: no status effects
A: walk through water, unfitting armour, unbreathing, cold-blooded, AC +11
a: Renounce Religion, Evoke Flight


You were on level 6 of the Dungeon.
You worshipped Vehumet.
Vehumet was pleased with you.
You were not hungry.

You visited 1 branch of the dungeon, and saw 6 of its levels.

You collected 210 gold pieces.

Inventory:

Hand Weapons
 a - a +0 mace (weapon)
 b - a +1 hand crossbow of velocity
 f - a +0 club
Missiles
 z - 34 bolts
Armour
 C - a cursed -2 buckler (worn)
 E - a +2 pair of gloves (worn)
Jewellery
 j - an uncursed ring of ice
 t - a ring of poison resistance (right hand)
 D - a ring of flight (left hand)
Wands
 k - a wand of polymorph (4)
 w - a wand of digging (3)
Scrolls
 c - 2 scrolls of fear {unknown}
 d - 2 scrolls of enchant armour {unknown}
 e - 2 scrolls of remove curse {unknown}
 g - 4 scrolls of amnesia {unknown}
 h - 7 scrolls of identify {unknown}
 n - a scroll of enchant weapon {unknown}
 o - 3 scrolls of teleportation {unknown}
 r - a scroll of noise {unknown}
 u - a scroll of magic mapping {unknown}
Potions
 i - a potion of haste {unknown}
 l - a potion of cancellation {unknown}
 m - a potion of mutation {unknown}
 p - a potion of magic {unknown}
 q - a potion of curing {unknown}
 s - a potion of flight {unknown}
 v - a potion of might {unknown}
 x - a potion of berserk rage {unknown}
 A - 2 potions of ambrosia {unknown}
 F - a potion of heal wounds {unknown}
Comestibles
 y - 7 rations
 B - 3 chunks of flesh


   Skills:
 - Level 1.7 Dodging
 - Level 1.7 Stealth
 + Level 3.3 Shields
 + Level 7.3 Spellcasting
 + Level 8.7 Conjurations


You had 20 spell levels left.
You knew the following spells:

 Your Spells              Type           Power        Failure   Level  Hunger
a - Magic Dart            Conj           ####         1%          1    None

Your spell library contained the following spells:

 Spells                   Type           Power        Failure   Level  Hunger
 Throw Flame              Conj/Fire      ###...       2%          2    None
 Searing Ray              Conj           #####.       1%          2    None
 Iskenderun's Mystic Bla  Conj           #####...     3%          4    ###....
 Dazzling Spray           Conj/Hex       ###...       5%          3    #......
 Beastly Appendage        Tmut           #.....       11%         1    None
 Sticks to Snakes         Tmut           #.......     17%         2    None
 Force Lance              Conj/Tloc      ###.....     19%         4    ###....
 Fulminant Prism          Conj/Hex       ###.......   19%         4    ###....
 Spider Form              Tmut/Pois      #.........   32%         3    #......
 Ice Form                 Ice/Tmut       #.......     73%         4    ###....
 Blade Hands              Tmut           #.........   97%         5    #####..


Dungeon Overview and Level Annotations

Branches:
Dungeon (6/15)             Temple (0/1) D:5

Altars:
Ashenzari
Gozag
Kikubaaqudgha
Qazlal
Sif Muna
Vehumet
Xom
Yredelemnul

Annotations:
D:5 exclusion: jelly


Innate Abilities, Weirdness & Mutations

You can walk through water.
Your dull iron-grey scales are very hard. (AC +11)
You cannot fit into any form of body armour.
You can survive without breathing.
You are cold-blooded and may be slowed by cold attacks.


Message History

Press: ? - help, Shift-Dir - straight line, f/p - electric eel
Aim: an electric eel (severely wounded)
The magic dart hits the electric eel.
The electric eel is almost dead.
The electric eel shoots out a bolt of lightning at you!
The bolt of electricity hits you!
* * * LOW HITPOINT WARNING * * *
Casting: Magic Dart (safe; 1% risk of failure)
Confirm with . or Enter, or press ? or * to list all spells.
Aiming: Magic Dart (safe; 1% risk of failure)
Press: ? - help, Shift-Dir - straight line, f/p - electric eel
Aim: an electric eel (almost dead)
The magic dart hits the electric eel.
You kill the electric eel!
Vehumet accepts your kill.
Vehumet offers you knowledge of Throw Flame.
You feel your power returning.
The electric eel shoots out a bolt of lightning at you!
The bolt of electricity hits the plant! x2; The bolt of electricity hits you.
You die...

.# .# ♣P†.≈≈≈≈≈≈P
.###### #♣ ♣♣≈≈.≈≈≈≈P≈P
.P♣♣≈≈###≈♣♣♣≈≈≈.≈≈≈≈P≈P
≈≈≈≈≈≈P≈♣≈≈P≈≈≈≈.≈≈≈≈≈≈P
≈≈≈≈P≈≈≈≈≈;≈P≈≈≈.≈≈≈≈PP#
;≈≈≈≈≈≈≈≈≈≈P≈≈≈≈.≈P≈PP#
.........$........≈≈≈.#
≈≈≈P≈≈≈PP≈≈≈≈P≈P@.♣ #.#
≈≈≈≈P♣♣♣♣≈≈≈≈♣P#..# #.#
≈PP≈≈≈≈≈♣≈♣♣♣♣ #.## #.#
♣♣♣≈≈#####P #.# #.#
.....# .# #.####.######
..##.# .# #...........##
....<#####.#
####.#........
.#.#.....# #..........
...#+##.#####
###........


You could see an electric eel.

Vanquished Creatures
  Prince Ribbit (D:6)
  A slime creature (D:5)
  An ice beast (D:6)
  A centaur (D:5)
  2 big kobolds (D:5)
  4 bullfrogs
  3 electric eels (D:6)
  2 howler monkeys
  2 crimson imps
  5 hounds
  3 jellies
  2 bullfrog skeletons
  A centaur skeleton (D:5)
  3 worker ants
  2 hound zombies (D:5)
  10 adders
  2 shadow imps (D:6)
  3 oozes
  3 worms
  3 leopard geckos
  An orc (D:3)
  2 giant cockroaches
  12 goblins
  10 hobgoblins
  2 jackals (D:2)
  A quokka (D:6)
  2 ball pythons
  7 bats
  5 frilled lizards
  10 kobolds
  A leopard gecko skeleton (D:4)
  12 rats
119 creatures vanquished.

Vanquished Creatures (others)
  10 toadstools (D:5)
10 creatures vanquished.

Grand Total: 129 creatures vanquished

Notes
Turn   | Place    | Note
-------+----------+-------------------------------------------
     0 | D:1      | Gynju the Draconian Conjurer began the quest for the Orb.
     0 | D:1      | Reached XP level 1. HP: 14/14 MP: 3/3
   226 | D:1      | Reached XP level 2. HP: 18/20 MP: 0/5
  1131 | D:2      | Reached XP level 3. HP: 26/26 MP: 2/7
  1182 | D:2      | Found a shimmering blue altar of Sif Muna.
  1192 | D:2      | Found a faded altar of an unknown god.
  1802 | D:2      | Found a stormy altar of Qazlal.
  1813 | D:2      | Reached XP level 4. HP: 30/33 MP: 3/8
  2183 | D:2      | Reached skill level 5 in Conjurations
  2456 | D:2      | Found a radiant altar of Vehumet.
  2594 | D:2      | Became a worshipper of Vehumet
  2765 | D:3      | Reached XP level 5. HP: 38/38 MP: 8/10
  2892 | D:3      | Found a basalt altar of Yredelemnul.
  3064 | D:3      | Found a shimmering altar of Xom.
  3064 | D:3      | Found a shimmering altar of Xom.
  3065 | D:3      | Found a shimmering altar of Xom.
  3067 | D:3      | Found a shimmering altar of Xom.
  3270 | D:3      | Found an ancient bone altar of Kikubaaqudgha.
  3689 | D:4      | Found an opulent altar of Gozag.
  3768 | D:4      | Reached * piety under Vehumet
  3768 | D:4      | Offered knowledge of Sandblast by Vehumet.
  4010 | D:4      | You fall into a shaft and drop 1 floor!
  4010 | D:5      | Entered Level 5 of the Dungeon
  4036 | D:5      | Reached XP level 6. HP: 23/45 MP: 0/12
  4264 | D:5      | Found a staircase to the Ecumenical Temple.
  4303 | D:5      | Reached skill level 6 in Conjurations
  4704 | D:5      | Reached skill level 5 in Spellcasting
  4862 | D:5      | Your scales start taking on a dull iron-grey colour.
  4862 | D:5      | Reached XP level 7. HP: 28/50 MP: 2/14
  4862 | D:5      | Gained mutation: You can survive without breathing. [Grey
                  | Draconian growth]
  5116 | D:5      | Noticed a slime creature
  5152 | D:5      | Killed a slime creature
  5152 | D:5      | Reached skill level 7 in Conjurations
  5383 | D:5      | Noticed a slime creature
  5383 | D:5      | Noticed a slime creature
  5707 | D:5      | Reached XP level 8. HP: 29/57 MP: 9/17
  5879 | D:5      | Found a shattered altar of Ashenzari.
  6841 | D:6      | Reached skill level 8 in Conjurations
  6892 | D:6      | Reached skill level 1 in Shields
  7538 | D:6      | Noticed Prince Ribbit
  7545 | D:6      | Killed Prince Ribbit
  7770 | D:6      | Reached ** piety under Vehumet
  7770 | D:6      | Offered knowledge of Throw Flame by Vehumet.
  7770 | D:6      | Killed from afar by an electric eel

Levels and vault maps discovered:
D:1:      dpeg_arrival_refuge, layout_loops_ring, kennysheep_small_spiral
D:2:      layout_loops_ring, lemuel_crystal_altar, marbit_many_paths,
          old_standard_altar, chequers_ecumenical_altar_lobes
D:3:      layout_loops_cross, overflow_temple_1_default, xom_redecorated,
          overflow_temple_1_default, first_ration
D:4:      layout_layer_cave, lemuel_crystal_altar
D:5:      cheibrodos_fertilizer, layout_basic, nicolae_overflow_hidden_temple,
          minmay_temple_entry_tees
D:6:      layout_basic, serial_bayou_lagoon_b, uniq_crazy_yiuf_cottage,
          uniq_prince_ribbit1

Skill      XL: |  1  2  3  4  5  6  7  8 |
---------------+-------------------------+-----
Spellcasting   | 3 4 5 6 7 |  7.3
Conjurations   | 5 6 7 8 |  8.7
Shields        | 3 |  3.3
Dodging        | |  1.7
Stealth        | |  1.7

Action                   |  1- 3 |  4- 6 |  7- 9 || total
-------------------------+-------+-------+-------++-------
Melee: Unarmed           |    29 |       |       ||    29
       Tailslap          |     5 |       |     3 ||     8
       Club              |    12 |       |       ||    12
       Mace              |     5 |     3 |     9 ||    17
 Cast: Magic Dart        |    73 |   155 |   179 ||   407
 Stab: Sleeping          |     1 |       |       ||     1
  Eat: Chunk             |     3 |     6 |     5 ||    14
       Ration            |       |     1 |     1 ||     2
Armor: Skin              |    25 |     9 |    33 ||    67
Dodge: Dodged            |    42 |    39 |    49 ||   130
Block: Buckler           |       |       |     3 ||     3
